 Dungeon Sprint DCSS version 0.29.1-2-gbd0b4ee654 (webtiles) character file.

Game seed: 12730128623925753166

1600000 Zeld the Acrobat (level 17, -36/157 HPs)
             Began as a Djinni Monk on Oct 28, 2022.
             Was a High Priest of Makhleb.
             Annihilated by a meat berserker
             ... wielding a +9 battleaxe
              (80 damage)
             ... in the Dungeon (Sprint VIII: "Arena of Blood").
             The game lasted 00:00:30 (16 turns).

Zeld the Acrobat (Djinni Monk)                        Turns: 16, Time: 00:00:30

Health: -36/157    AC:  2    Str: 16    XL:     17   Next: 99%
Gold:   0          EV: 28    Int: 14    God:    Makhleb [*****.] SH:  0 Dex: 16

rFire   + + .      SeeInvis .   h - +∞ Axe of Woe
rCold   x . .      Faith    .   (shield currently unavailable)
rNeg    . . .      Spirit   .   a - +0 robe
rPois   ∞          Reflect  .   (no helmet)
rElec   .          Harm     .   (no cloak)
rCorr   .          Rampage  .   (no gloves)
Will    +....      NoTele   +   (boots unavailable)
Stlth   ++++......              (no amulet)
HPRegen 0.36/turn               (no ring)
MPRegen 0.00/turn               (no ring)

@: flying
A: sickness immunity, fire resistance 2, cold vulnerability 1, float, innate
caster, HP casting, extra vitality 1
a: Renounce Religion, Minor Destruction, Lesser Servant of Makhleb, Major
Destruction, Greater Servant of Makhleb


You were in the Dungeon.
You worshipped Makhleb.
Makhleb was extremely pleased with you.
You visited 1 branch

Inventory:

Hand Weapons
 h - the +∞ Axe of Woe (weapon)
   (You found it in the Dungeon)
Armour
 a - a +0 robe (worn)
Scrolls
 g - a scroll of blinking
Potions
 b - a potion of ambrosia
 c - a potion of curing
 d - a potion of heal wounds
 e - a potion of haste
 f - a potion of berserk rage


   Skills:
 + Level 25.8 Fighting
 + Level 15.6 Axes
 + Level 26.6 Dodging
 + Level 9.3 Stealth
 + Level 22.6 Unarmed Combat
 * Level 16.0 Spellcasting
 * Level 20.1 Invocations


You had 16 spell levels left.
You knew the following spells:

 Your Spells              Type           Power      Damage    Failure   Level
a - Freeze                Ice            100%       1d11      0%          1
b - Searing Ray           Conj           100%       2d8       0%          2
c - Ozocubu's Armour      Ice            54%        N/A       1%          3
d - Passage of Golubria   Tloc           54%        N/A       1%          4
e - Fulminant Prism       Conj/Hex       27%        3d14      1%          4
f - Freezing Cloud        Conj/Ice/Air   27%        6-21      1%          5
g - Iron Shot             Conj/Erth      27%        9d6       1%          6
h - Summon Hydra          Summ           27%        N/A       7%          7
Your spell library was empty.

Dungeon Overview and Level Annotations

Branches:
Dungeon (1/1)

Altars:
Makhleb


Innate Abilities, Weirdness & Mutations

You are immune to sickness and miasma.
You are immune to poison.
Your flesh is very heat resistant. (rF++)
You are vulnerable to cold. (rC-)
You float through the air rather than walking.
You learn spells naturally, not from books.
Your magical power is your life essence.
You have superior vitality. (+4 MHP)


Message History

You hear a shout!
The bag of meat hits you with a +9 war axe!!
You hear a shout!
The bag of meat moves out of view. x2
You hear a shout!
Your Fighting skill gained 2 levels and is now at level 25!
Your Axes skill gained 4 levels and is now at level 15!
Your Dodging skill gained 2 levels and is now at level 26!
Your Stealth skill increases to level 9!
Your Unarmed Combat skill increases to level 22!
Your Spellcasting skill gained 2 levels and is now at level 15!
Your Invocations skill gained 3 levels and is now at level 19!
You have reached level 17!
The power to cast Summon Hydra wells up from within.
Spell assigned to 'h'.
A meat berserker comes into view. It is wielding a +9 battleaxe.
Unknown command.
Unknown command.
You slash the bag of meat!
You dissect the bag of meat like a pig carcass.
You kill the bag of meat!
Makhleb accepts your kill.
The destroyer appears out of thin air!
A destroyer comes into view. It is wielding a +9 vorpal great sword.
The destroyer shouts!
You hear a shout! x17
Your Spellcasting skill increases to level 16!
Your Invocations skill increases to level 20!
Unknown command.
Unknown command.
Unknown command.
You hear a shout!
The meat berserker rages.
You hear a shout! x2
A bag of meat comes into view. It is wielding a +9 war axe.
You hear a shout! x3
The meat berserker hits you with a +9 battleaxe!!!!
* * * LOW HITPOINT WARNING * * *
The meat berserker hits you with a +9 battleaxe!!!!
Ouch! That really hurt!
You die...

o.... .. #...
.# . #... ..#
.o###.o. ..###.
......###......
.o..._......
#Oo)..# #_@<._#
#))O..#
..O.._......
......###o..V..
..###... ..###.
. #... ..# #...
.# ..... ..


You could see a destroyer, 3 meat berserkers and 6 bags of meat.

Vanquished Creatures
  6 ogres (D)
  9 orcs (D)
15 creatures vanquished.

Notes
Turn   | Place    | Note
-------+----------+-------------------------------------------
     0 | D        | Found the +∞ Axe of Woe
     0 | D        | Zeld the Djinni Monk began the quest for the Orb.
     0 | D        | Reached XP level 1. HP: 20/20 MP: 0/0
     2 | D        | Noticed a bag of meat
     4 | D        | Became a worshipper of Makhleb the Destroyer
     4 | D        | Reached * piety under Makhleb
     4 | D        | Reached ** piety under Makhleb
     4 | D        | Noticed a meat berserker
     5 | D        | Noticed a bag of meat
     6 | D        | Killed a bag of meat
     6 | D        | Noticed a bag of meat
     6 | D        | Noticed a bag of meat
     6 | D        | Noticed a meat berserker
     7 | D        | Reached skill level 15 in Fighting
     7 | D        | Reached skill level 16 in Dodging
     7 | D        | Reached skill level 5 in Stealth
     7 | D        | Reached XP level 2. HP: 43/43 MP: 0/0
     7 | D        | Reached XP level 3. HP: 49/49 MP: 0/0
     7 | D        | Learned a level 1 spell: Freeze
     7 | D        | Reached XP level 4. HP: 55/55 MP: 0/0
     7 | D        | Reached XP level 5. HP: 60/60 MP: 0/0
     7 | D        | Learned a level 2 spell: Searing Ray
     7 | D        | Reached XP level 6. HP: 67/67 MP: 0/0
     7 | D        | Reached XP level 7. HP: 72/72 MP: 0/0
     7 | D        | Learned a level 3 spell: Ozocubu's Armour
     7 | D        | Reached XP level 8. HP: 78/78 MP: 0/0
     7 | D        | Reached XP level 9. HP: 84/84 MP: 0/0
     7 | D        | Learned a level 4 spell: Passage of Golubria
     7 | D        | Reached XP level 10. HP: 90/90 MP: 0/0
     7 | D        | Reached XP level 11. HP: 95/95 MP: 0/0
     7 | D        | Learned a level 4 spell: Fulminant Prism
     8 | D        | Killed a meat berserker
     8 | D        | Noticed a bag of meat
     8 | D        | Noticed a meat berserker
     8 | D        | Noticed a meat berserker
     9 | D        | Reached skill level 18 in Dodging
     9 | D        | Reached XP level 12. HP: 61/108 MP: 0/0
     9 | D        | Reached XP level 13. HP: 63/113 MP: 0/0
     9 | D        | Learned a level 5 spell: Freezing Cloud
     9 | D        | Killed a bag of meat
     9 | D        | Killed a meat berserker
     9 | D        | Reached *** piety under Makhleb
     9 | D        | Noticed a bag of meat
     9 | D        | Noticed a bag of meat
    10 | D        | Reached skill level 21 in Dodging
    10 | D        | Reached XP level 14. HP: 70/124 MP: 0/0
    10 | D        | Killed a meat berserker
    10 | D        | Killed a bag of meat
    10 | D        | Noticed a meat berserker
    11 | D        | Reached skill level 22 in Dodging
    11 | D        | Reached XP level 15. HP: 133/133 MP: 0/0
    11 | D        | Learned a level 6 spell: Iron Shot
    11 | D        | Killed a meat berserker
    11 | D        | Reached **** piety under Makhleb
    12 | D        | Reached skill level 10 in Axes
    12 | D        | Reached skill level 23 in Dodging
    12 | D        | Reached skill level 15 in Invocations
    12 | D        | Reached XP level 16. HP: 143/143 MP: 0/0
    12 | D        | Noticed a meat berserker
    13 | D        | Reached skill level 24 in Dodging
    13 | D        | Reached ***** piety under Makhleb
    14 | D        | Killed a meat berserker
    14 | D        | Killed a meat berserker
    14 | D        | Noticed a meat berserker
    14 | D        | Noticed a meat berserker
    15 | D        | Reached skill level 15 in Axes
    15 | D        | Reached skill level 26 in Dodging
    15 | D        | Reached skill level 15 in Spellcasting
    15 | D        | Reached XP level 17. HP: 119/156 MP: 0/0
    15 | D        | Learned a level 7 spell: Summon Hydra
    15 | D        | Noticed a meat berserker
    15 | D        | Noticed a destroyer
    16 | D        | Annihilated by a meat berserker

Illustrated notes

Levels and vault maps discovered:
D:        meatsprint

Skill      XL: |  1  2  3  4  5  6  7  8  9 10 11 12 13 14 15 16 17 |
---------------+----------------------------------------------------+-----
Fighting       | 15 17 19 21 22 25 | 25.8
Axes           | 2 4 6 8 10 15 | 15.6
Dodging        | 16 18 21 22 23 26 | 26.6
Stealth        | 5 6 7 8 9 |  9.3
Unarmed Combat | 14 16 18 19 20 22 | 22.6
Spellcasting   | 6 9 11 12 15 16 | 16.0
Invocations    | 8 12 14 15 19 20 | 20.1

Action                   |  1- 3 |  4- 6 |  7- 9 | 10-12 | 13-15 | 16-18 || total
-------------------------+-------+-------+-------+-------+-------+-------++-------
Melee: Executioner's axe |     1 |       |       |     1 |     3 |     4 ||     9
Dodge: Dodged            |       |       |       |       |     1 |       ||     1
